AoeStats
← Mr Diniz

Oasis

509968860Analyzed
4v4 RM · 5d ago on Sep 28, 2026· 49m 47s· 8 players
Game mode
Random Map
Map size
Large (8 player)
Population
200
Speed
Normal
Resources
Standard
Victory
Conquest
Starting age
Dark Age
Ending age
Imperial Age
RankedLock teamsTeams togetherTeam positionsShared explorationLock speedFull tech treeHidden civsTurbo modeCheats
Victory
Defeat
🇪🇸 Varangians · Spain
1552
+12
🇪🇸 Ethiopians · Spain
1459
+15
🇩🇪 Britons · Germany
1431
+16
🇪🇸 Magyars · Spain
1375
+18
🇧🇷 Mongols · Brazil
1489
-17
🇺🇸 Ethiopians · United States
1461
-16
🇺🇸 Persians · United States
1412
-14
🇪🇸 Lithuanians · Spain
1409
-14
PaRappa56
5:50 Loom
8:25 Feudal Age
12:49 Wheelbarrow
14:15 Fletching
16:53 Double-Bit Axe
23:20 Castle Age
21:32 Gold Mining
21:41 Stone Mining
23:43 Town Watch
23:25 Crossbowman
24:00 Bodkin Arrow
24:17 Padded Archer Armor
26:24 Ballistics
26:34 Leather Archer Armor
27:50 Bow Saw
BloMo
7:19 Loom
9:15 Feudal Age
10:06 Double-Bit Axe
10:38 Horse Collar
15:28 Scale Barding Armor
16:12 Forging
20:27 Castle Age
18:48 Gold Mining
19:21 Bloodlines
21:08 Bow Saw
21:01 Husbandry
23:25 Wheelbarrow
23:43 Iron Casting
26:34 Chain Barding Armor
30:06 Stone Mining
33:47 Fletching
34:41 Bodkin Arrow
42:05 Imperial Age
40:35 Masonry
40:21 Murder Holes
40:48 Ballistics
43:38 Hoardings
44:15 Hoardings
44:35 Architecture
45:17 Guard Tower
hcenemod
9:10 Feudal Age
9:45 Double-Bit Axe
9:42 Horse Collar
15:08 Bloodlines
20:14 Scale Barding Armor
20:20 Forging
24:11 Gold Mining
26:43 Castle Age
27:29 Husbandry
30:30 Chain Barding Armor
30:24 Heavy Plow
32:00 Loom
34:07 Iron Casting
34:28 Stone Mining
36:10 Wheelbarrow
Mr Diniz
4:53 Loom
8:54 Feudal Age
9:01 Man-at-Arms
13:55 Fletching
17:22 Gold Mining
19:32 Wheelbarrow
22:50 Castle Age
21:36 Padded Archer Armor
21:56 Double-Bit Axe
23:28 Bodkin Arrow
24:15 Leather Archer Armor
24:25 Bloodlines
27:48 Husbandry
32:55 Ballistics
37:07 Thumb Ring
Ux'DonChauron
4:48 Loom
8:12 Feudal Age
9:11 Double-Bit Axe
15:52 Forging
16:31 Bloodlines
17:19 Scale Barding Armor
21:43 Castle Age
20:24 Horse Collar
20:55 Gold Mining
21:46 Light Cavalry
22:27 Husbandry
23:01 Chain Barding Armor
24:39 Town Watch
29:50 Wheelbarrow
32:42 Iron Casting
35:20 Stone Mining
36:06 Fletching
37:02 Hand Cart
38:19 Bodkin Arrow
42:30 Imperial Age
40:16 Bow Saw
40:43 Stone Shaft Mining
40:11 Heavy Plow
42:19 Masonry
42:33 Cavalier
43:52 Plate Barding Armor
44:17 Blast Furnace
43:52 Plate Barding Armor
44:31 Blast Furnace
43:34 Vendel Legacy
44:39 Conscription
46:46 Bracer
47:17 Architecture
47:48 Chemistry
46:29 Treadmill Crane
47:09 Ballistics
48:49 Guilds
Ux'TheNovack
5:44 Loom
9:36 Feudal Age
10:36 Double-Bit Axe
12:52 Fletching
13:34 Padded Archer Armor
23:31 Castle Age
23:34 Crossbowman
24:15 Bodkin Arrow
24:18 Horse Collar
26:11 Ballistics
27:43 Wheelbarrow
28:16 Thumb Ring
32:29 Gold Mining
33:17 Town Watch
40:19 Imperial Age
37:55 Stone Mining
40:24 Arbalester
42:12 Chemistry
41:20 Bracer
46:43 Fortified Wall
46:29 Murder Holes
47:15 Leather Archer Armor
47:11 Forging
47:07 Scale Barding Armor
48:43 Gold Shaft Mining
Ux'Tycho0201
5:33 Loom
8:37 Feudal Age
14:24 Scale Barding Armor
15:38 Double-Bit Axe
22:04 Castle Age
21:00 Bloodlines
21:40 Gold Mining
23:11 Chain Barding Armor
23:05 Bow Saw
28:30 Husbandry
28:37 Horse Collar
30:58 Wheelbarrow
30:09 Town Watch
32:18 Fletching
38:30 Imperial Age
36:41 Bodkin Arrow
38:38 Cavalier
40:12 Plate Barding Armor
40:26 Bracer
42:24 Hand Cart
44:19 Chemistry
44:21 Conscription
43:57 Paladin
46:19 Padded Archer Armor
46:30 Siege Engineers
46:07 Treadmill Crane
46:48 Ballistics
Ux'Olkan
6:28 Loom
9:07 Feudal Age
11:18 Double-Bit Axe
15:41 Fletching
20:21 Horse Collar
21:26 Padded Archer Armor
22:15 Wheelbarrow
27:48 Castle Age
27:39 Gold Mining
28:31 Bodkin Arrow
27:57 Crossbowman
28:54 Leather Archer Armor
30:39 Ballistics
40:04 Pikeman
40:48 Scale Mail Armor
41:04 Forging
43:42 Bow Saw
47:50 Town Watch
50:45 Imperial Age
Connection lost

Rejoining the realm…

Still unreachable

The connection could not be restored.

Session expired

The server has moved on; the page needs a fresh start.